 Dungeon Crawl Stone Soup version 0.29.1-12-g30fa7ad0bf (webtiles) character file.

Game seed: 12803212714285451831

8073 Peloso the Carver (level 11, -11/97 HPs)
             Began as a Minotaur Fighter on Dec 29, 2022.
             Was a Priest of Okawaru.
             Mangled by a five-headed hydra (13 damage)
             ... on level 11 of the Dungeon.
             The game lasted 00:23:28 (13609 turns).

Peloso the Carver (Minotaur Fighter)               Turns: 13609, Time: 00:23:29

Health: -11/97     AC: 19    Str: 23    XL:     11   Next: 5%
Magic:  9/10       EV:  6    Int:  5    God:    Okawaru [***...]
Gold:   644        SH: 12    Dex: 12    Spells: 10/10 levels left

rFire   + . .      SeeInvis +   b - staff of fire
rCold   . . .      Faith    .   d - +2 kite shield
rNeg    . . .      Spirit   .   j - +3 plate armour
rPois   +          Reflect  .   (helmet restricted)
rElec   .          Harm     .   (no cloak)
rCorr   .          Rampage  .   q - +0 pair of gloves
Will    .....                   (no boots)
Stlth   ..........              (no amulet)
HPRegen 0.26/turn               C - ring of see invisible
MPRegen 0.12/turn               y - ring of poison resistance

@: no status effects
A: horns 2, retaliatory headbutt
a: Renounce Religion, Heroism


You were on level 11 of the Dungeon.
You worshipped Okawaru.
Okawaru was most pleased with you.
You visited 3 branches of the dungeon, and saw 13 of its levels.

You collected 702 gold pieces.
You spent 58 gold pieces at shops.

Inventory:

Hand Weapons
 a - a +0 long sword
Armour
 c - a +1 chain mail
 d - a +2 kite shield (worn)
 j - a +3 plate armour (worn)
 q - a +0 pair of gloves (worn)
Magical Staves
 b - a staff of fire (weapon)
Jewellery
 g - a ring of fire
 y - a ring of poison resistance (right hand)
 C - a ring of see invisible (left hand)
 D - a +4 ring of evasion
 J - a +6 ring of dexterity
Wands
 o - a wand of paralysis (11)
 p - a wand of roots (1)
 v - a wand of digging (7)
Scrolls
 f - 5 scrolls of teleportation
 i - 3 scrolls of magic mapping
 l - a scroll of butterflies
 m - a scroll of blinking {unknown}
 r - a scroll of amnesia {unknown}
 s - a scroll of poison
 u - 2 scrolls of fear
 x - 2 scrolls of enchant armour
 A - a scroll of acquirement {unknown}
 B - a scroll of enchant weapon {unknown}
 F - 2 scrolls of immolation {unknown}
 H - a scroll of identify
 M - a scroll of brand weapon {unknown}
 N - a scroll of silence {unknown}
 O - a scroll of vulnerability {unknown}
Potions
 e - a potion of cancellation
 h - 4 potions of curing
 k - a potion of resistance
 n - a potion of invisibility
 t - 7 potions of heal wounds
 w - a potion of mutation {unknown}
 z - 2 potions of berserk rage {unknown}
 E - a potion of brilliance {unknown}
 G - 2 potions of might
 I - a potion of ambrosia {unknown}
 K - 2 potions of lignification {unknown}
 L - a potion of flight {unknown}
 P - a potion of haste {unknown}


   Skills:
 + Level 9.3 Fighting
 + Level 12.5 Long Blades
 + Level 10.7 Armour
 + Level 2.5 Dodging
 + Level 2.3 Stealth
 + Level 9.1 Shields
 + Level 1.0 Invocations
 + Level 0.1 Evocations


You had 10 spell levels left.
You didn't know any spells.
Your spell library contained the following spells:

 Spells                   Type           Power      Damage    Failure   Level
 Apportation              Tloc           0%         N/A       100%        1
 Gell's Gravitas          Tloc           0%         N/A       100%        3
 Lesser Beckoning         Tloc           0%         N/A       100%        3
 Teleport Other           Tloc           0%         N/A       100%        3
 Leda's Liquefaction      Hex/Erth       0%         N/A       100%        4
 Alistair's Intoxication  Tmut/Pois      0%         N/A       100%        5
 Lee's Rapid Deconstruct  Erth           0%         3d5*      100%        5
 Statue Form              Tmut/Erth      0%         N/A       100%        6


Dungeon Overview and Level Annotations

Branches:
Dungeon (11/15)            Temple (1/1) D:7            Lair (1/5) D:11
    Orc: D:9-12

Altars:
Ashenzari
Cheibriados
Dithmenos
Elyvilon
Fedhas
Gozag
Kikubaaqudgha
Nemelex Xobeh
Okawaru
Qazlal
Ru
Sif Muna
Trog
Uskayaw
Vehumet
Yredelemnul
Zin
The Shining One

Shops:
D:5 *   D:6 *


Innate Abilities, Weirdness & Mutations

You have a pair of horns on your head.
You reflexively headbutt those who attack you in melee.


Message History

The five-headed hydra bites you.
The five-headed hydra barely misses you. x2
The five-headed hydra bites you but does no damage.
You hit the five-headed hydra but do no damage.
The five-headed hydra is severely wounded.
The five-headed hydra completely misses you.
The five-headed hydra bites you but does no damage.
The five-headed hydra barely misses you.
The five-headed hydra bites you. The five-headed hydra bites you!
Unknown command.
You barely miss the five-headed hydra.
The five-headed hydra is severely wounded.
You feel like a meek peon again.
You block the five-headed hydra's attack.
The five-headed hydra barely misses you.
You block the five-headed hydra's attack.
The five-headed hydra bites you but does no damage.
The five-headed hydra bites you.
You hit the five-headed hydra.
The five-headed hydra is severely wounded.
You block the five-headed hydra's attack. x2
The five-headed hydra bites you but does no damage.
The five-headed hydra barely misses you.
The five-headed hydra bites you but does no damage.
The five-headed hydra bites you!
* * * LOW HITPOINT WARNING * * *
The five-headed hydra bites you but does no damage.
The five-headed hydra bites you!
* * * LOW HITPOINT WARNING * * *
You block the five-headed hydra's attack.
The five-headed hydra barely misses you.
You hit the five-headed hydra.
The five-headed hydra is severely wounded.
The five-headed hydra bites you!
* * * LOW HITPOINT WARNING * * *
The five-headed hydra bites you.
* * * LOW HITPOINT WARNING * * *
You block the five-headed hydra's attack.
The five-headed hydra bites you!
You die...

########......#
##PPPPP##......#
#PPPPP..#......#
#P..PP..#####..# #P.>..P..#
#..# ####
#P....P..####..#######..###
#PPP......l##...^..........
#PPPPP...#D##..............
#PPPP....#@##..............
#PPP....#..................
#PP.....#'##.#######'###...
##P....##..#.#.........'...
##...###..###.........#.##
#...#.....<...........#.#.
#...#.................#.#.
#...#.................#.#.
#...#.................#.##


You could see a five-headed hydra and a komodo dragon.

Vanquished Creatures
  A two-headed ogre (D:11)
  A cyclops (D:10)
  A cane toad (D:11)
  An unseen horror (D:11)
  A komodo dragon (D:11)
  Prince Ribbit (D:5)
  A troll (D:9)
  Sigmund (D:6)
  4 shadows
  6 yaks
  3 hogs (D:7)
  A steam dragon (D:5)
  A human (D:7)
  Eustachio (D:5)
  3 wyverns
  Grum (D:7)
  A water moccasin (D:8)
  3 sky beasts
  3 black bears
  An orc warrior (D:7)
  4 wolves (D:7)
  An ogre (D:4)
  A phantom (D:6)
  3 kobold brigands
  A necrophage (D:8)
  A bullfrog (D:6)
  3 scorpions
  4 killer bees
  A howler monkey (D:5)
  An orc priest (D:8)
  3 gnoll boudas
  3 jellies
  3 hounds
  3 iguanas
  Ijyb (D:5)
  8 orc wizards
  Robin (D:2)
  11 gnolls
  11 adders
  A shadow imp (D:6)
  4 white imps
  An ufetubus (D:7)
  A worm (D:3)
  2 dart slugs
  27 orcs
  6 bats
  9 endoplasms
  2 giant cockroaches (D:2)
  9 goblins
  16 hobgoblins
  3 quokkas
  7 ball pythons
  5 frilled lizards
  21 kobolds
  5 rats
219 creatures vanquished.

Vanquished Creatures (others)
  4 plants (D:11)
4 creatures vanquished.

Grand Total: 223 creatures vanquished

Notes
Turn   | Place    | Note
-------+----------+-------------------------------------------
     0 | D:1      | Peloso the Minotaur Fighter began the quest for the Orb.
     0 | D:1      | Reached XP level 1. HP: 19/19 MP: 0/0
   324 | D:1      | Reached XP level 2. HP: 17/27 MP: 1/1
   519 | D:1      | Found a faded altar of an unknown god.
  1049 | D:2      | Reached XP level 3. HP: 22/33 MP: 2/2
  1249 | D:2      | Reached skill level 3 in Long Blades
  1384 | D:2      | Reached skill level 4 in Long Blades
  1400 | D:2      | Noticed Robin
  1414 | D:2      | Reached XP level 4. HP: 14/40 MP: 3/3
  1418 | D:2      | Killed Robin
  2699 | D:3      | Reached XP level 5. HP: 47/47 MP: 4/4
  3218 | D:4      | You fall into a shaft and drop 2 floors!
  3392 | D:5      | Entered Level 5 of the Dungeon
  3392 | D:5      | Noticed Ijyb
  3399 | D:6      | Reached skill level 5 in Long Blades
  3408 | D:5      | Paralysed by Ijyb for 5 turns
  3419 | D:5      | Killed Ijyb
  3506 | D:5      | Found Gozag's Platinum Reserve.
  3515 | D:5      | Reached skill level 1 in Dodging
  3517 | D:5      | Found an opulent altar of Gozag.
  3582 | D:6      | Reached XP level 6. HP: 49/55 MP: 5/5
  3627 | D:6      | Reached skill level 5 in Fighting
  3766 | D:5      | Reached skill level 6 in Long Blades
  3847 | D:5      | Noticed Eustachio
  3857 | D:5      | Killed Eustachio
  3858 | D:5      | Reached skill level 5 in Armour
  3858 | D:5      | Reached XP level 7. HP: 51/61 MP: 6/6
  4257 | D:4      | Reached skill level 7 in Long Blades
  4257 | D:4      | Reached skill level 5 in Shields
  5164 | D:5      | Noticed a steam dragon
  5171 | D:5      | Killed a steam dragon
  5172 | D:5      | Reached XP level 8. HP: 35/70 MP: 7/7
  5873 | D:6      | Reached skill level 8 in Long Blades
  5881 | D:6      | Noticed Prince Ribbit
  6375 | D:5      | Killed Prince Ribbit
  6376 | D:5      | Reached skill level 1 in Stealth
  6704 | D:6      | Noticed Sigmund
  6713 | D:6      | Killed Sigmund
  6899 | D:6      | Found Yjovuju's Assorted Antiques.
  6911 | D:6      | Bought a bubbling red potion for 18 gold pieces
  6911 | D:6      | Bought a scroll of identify for 40 gold pieces
  7216 | D:7      | Reached XP level 9. HP: 20/75 MP: 8/8
  7655 | D:7      | Reached skill level 9 in Long Blades
  8025 | D:7      | Reached skill level 10 in Long Blades
  8270 | D:7      | Found a staircase to the Ecumenical Temple.
  8501 | Temple   | Entered the Ecumenical Temple
  8507 | Temple   | Became a worshipper of Warmaster Okawaru
  8778 | D:8      | Noticed Grum
  8954 | D:7      | Killed Grum
  8954 | D:7      | Reached * piety under Okawaru
  9659 | D:8      | Found a stormy altar of Qazlal.
  9715 | D:8      | Reached XP level 10. HP: 77/86 MP: 7/9
  9825 | D:8      | Found a hide-covered altar of Uskayaw.
 10037 | D:8      | Reached skill level 11 in Long Blades
 10037 | D:8      | Reached skill level 10 in Armour
 11277 | D:10     | Entered Level 10 of the Dungeon
 11286 | D:9      | Reached ** piety under Okawaru
 11526 | D:10     | Found a white marble altar of Elyvilon.
 11828 | D:10     | Noticed a cyclops
 11841 | D:10     | Killed a cyclops
 12355 | D:11     | Noticed a two-headed ogre
 12366 | D:11     | Killed a two-headed ogre
 12367 | D:11     | Reached skill level 12 in Long Blades
 12679 | D:11     | Reached skill level 1 in Invocations
 12735 | D:11     | Found a staircase to the Lair.
 12760 | D:11     | Reached *** piety under Okawaru
 13060 | D:11     | Reached XP level 11. HP: 97/97 MP: 10/10
 13289 | Lair:1   | Entered Level 1 of the Lair of Beasts
 13289 | Lair:1   | Noticed a five-headed hydra
 13609 | D:11     | HP: 2/97 [five-headed hydra (3)]
 13609 | D:11     | Mangled by a five-headed hydra

Illustrated notes

Levels and vault maps discovered:
D:1:      beargit_arrival_diablo_church, layout_basic,
          dreamdust_ecumenical_altar_statues
D:2:      layout_loops_ring, grunt_decor_cap, minmay_pentomino_x2, uniq_robin
D:3:      layout_rooms, hangedman_decor_diamond_cutter
D:4:      layout_cave_pools
D:5:      layout_gridville, nicolae_gozag_zags_fifth_avenue, minmay_circle_x,
          uniq_eustachio, uniq_ijyb
D:6:      layout_cave_pools, serial_shops, nicolae_stop_n_shop_2,
          minmay_fountain_box, minmay_misc_feat_roman, uniq_prince_ribbit1,
          uniq_sigmund
D:7:      layout_basic, minmay_temple_entry_nine_rooms,
          amcnicky_mini_corridor_feature, grunt_livestock
D:8:      layout_cave_pools, kennysheep_little_box, kennysheep_mini_moat,
          uniq_grum
D:9:      layout_gridville, feat_on_display
D:10:     layout_small_grid, nicolae_elyvilon_peaceful_grove
D:11:     layout_irregular_city, david_lair_shrubbed
Temple:   dpeg_three_leaves_temple
Lair:1:   layout_chaotic_city, uniq_gastronok

Skill      XL: |  1  2  3  4  5  6  7  8  9 10 |
---------------+-------------------------------+-----
Shields        | 4 5 7 8 9 |  9.1
Fighting       | 4 5 6 7 9 |  9.3
Armour         | 4 5 6 7 9 10 | 10.7
Long Blades    | 4 5 6 7 8 10 12 | 12.5
Dodging        | 1 2 |  2.5
Stealth        | 2 |  2.3
Invocations    | 1 |  1.0
Evocations     | |  0.1

Action                   |  1- 3 |  4- 6 |  7- 9 | 10-12 || total
-------------------------+-------+-------+-------+-------++-------
Melee: Long sword        |    87 |   177 |   378 |   225 ||   867
       Headbutt          |    12 |    26 |    66 |    56 ||   160
       Staff             |       |       |       |    15 ||    15
Invok: Heroism           |       |       |     1 |     8 ||     9
Evoke: Wand              |       |       |     1 |       ||     1
  Use: Scroll            |     1 |     2 |    10 |     1 ||    14
       Potion            |       |       |     4 |       ||     4
 Stab: Paralysed         |       |       |     5 |       ||     5
Armor: Scale mail        |    11 |       |       |       ||    11
       Chain mail        |    44 |   101 |   170 |       ||   315
       Plate armour      |       |       |   114 |   166 ||   280
Dodge: Dodged            |    34 |    58 |   195 |   103 ||   390
Block: Buckler           |    12 |    45 |   144 |    53 ||   254
       Kite shield       |       |       |       |    65 ||    65
